 Dungeon Crawl Stone Soup version 0.30-b1-2-g02819fbbbe (webtiles) character file.

Game seed: 15197084974860871704

1568 Metae the Trooper (level 8, -8/73 HPs)
             Began as a Minotaur Fighter on June 17, 2023.
             Was a Believer of Okawaru.
             Mangled by an orc warrior
             ... wielding a +0 battleaxe
              (12 damage)
             ... on level 7 of the Dungeon.
             The game lasted 00:16:53 (4726 turns).

Metae the Trooper (Minotaur Fighter)                Turns: 4726, Time: 00:16:56

Health: -8/73      AC: 13    Str: 29    XL:     8   Next: 59%
Magic:  10/10      EV:  9    Int:  7    God:    Okawaru [**....]
Gold:   85         SH:  5    Dex: 10    Spells: 7/7 levels left

rFire   + . .        D - +1 dagger "Omomp" {flame, rPois rF+ Int+2}
rCold   . . .        c - +0 buckler
rNeg    . . .        v - +0 chain mail
rPois   +            (helmet restricted)
rElec   .            (no cloak)
rCorr   .            (no gloves)
SInv    .            q - +2 pair of boots
Will    +....        (no amulet) Stlth
                     G - +6 ring of strength
HPRegen 0.32/turn    y - ring of willpower
MPRegen 0.12/turn

%: no passive effects
@: no status effects
A: horns 2, retaliatory headbutt
a: Renounce Religion, Heroism


You were on level 7 of the Dungeon.
You worshipped Okawaru.
Okawaru was pleased with you.
You visited 2 branches of the dungeon, and saw 8 of its levels.

You collected 274 gold pieces.
You spent 189 gold pieces at shops.

Inventory:

Hand Weapons
 a - a +0 war axe
 w - a +0 sling
 A - a +1 falchion of flaming
 D - the +1 dagger "Omomp" (weapon) {flame, rPois rF+ Int+2}
   (You bought it in a shop on level 6 of the Dungeon)

   Int:       It affects your intelligence (+2).
   rF:        It protects you from fire.
   rPois:     It protects you from poison.
Missiles
 h - 15 poisoned darts
 i - 78 stones (quivered)
 j - 3 javelins
 o - 4 boomerangs
 r - 6 atropa-tipped darts
Armour
 c - a +0 buckler (worn)
 q - a +2 pair of boots (worn)
 v - a +0 chain mail (worn)
Jewellery
 u - a +6 ring of intelligence
 y - a ring of willpower (right hand)
 z - a ring of resist corrosion
 E - a ring of ice
 G - a +6 ring of strength (left hand)
Scrolls
 g - a scroll of fog
 n - 3 scrolls of fear
 t - 2 scrolls of blinking
 x - a scroll of brand weapon {unknown}
 B - a scroll of teleportation
 C - 3 scrolls of poison {unknown}
Potions
 b - a potion of resistance {unknown}
 d - a potion of might
 e - 3 potions of attraction
 f - 3 potions of curing
 k - a potion of haste {unknown}
 l - 2 potions of ambrosia
 m - a potion of heal wounds {unknown}
 p - 2 potions of lignification {unknown}
 s - a potion of brilliance {unknown}
 F - a potion of flight {unknown}


   Skills:
 + Level 7.2 Fighting
 + Level 2.9 Short Blades
 - Level 5.5 Axes
 + Level 7.2 Armour
 - Level 6.2 Shields
 + Level 4.0 Invocations


You had 7 spell levels left.
You didn't know any spells.
Your spell library contained the following spells:

 Spells                   Type           Power      Damage    Failure   Level
 Shock                    Conj/Air       0%         1d3       90%         1
 Slow                     Hex            0%         N/A       90%         1
 Poisonous Vapours        Pois/Air       0%         N/A       97%         2
 Confusing Touch          Hex            0%         N/A       99%         3
 Hailstorm                Conj/Ice       0%         3d3       99%         3
 Mephitic Cloud           Conj/Pois/Air  0%         N/A       99%         3
 Swiftness                Air            0%         N/A       99%         3
 Vampiric Draining        Necr           0%         2d6       99%         3
 Airstrike                Air            0%         2d(0-16)  100%        4
 Ice Form                 Ice/Tmut       0%         N/A       100%        4
 Freezing Cloud           Conj/Ice/Air   0%         6-21      100%        5
 Iskenderun's Battlesphe  Conj           0%         2d6       100%        5
 Iron Shot                Conj/Erth      0%         9d1       100%        6
 Simulacrum               Ice/Necr       Unusable   N/A       N/A         6
 Spellforged Servitor     Conj/Summ      Unusable   N/A       N/A         7

Dungeon Overview and Level Annotations

Branches:
Dungeon (7/15)             Temple (1/1) D:4

Altars:
Ashenzari
Cheibriados
Dithmenos
Elyvilon
Fedhas
Gozag
Kikubaaqudgha
Makhleb
Nemelex Xobeh
Okawaru
Trog
Vehumet
Xom
Yredelemnul
The Shining One

Shops:
D:6 (


Innate Abilities, Weirdness & Mutations

You have a pair of horns on your head.
You reflexively headbutt those who attack you in melee.


Message History

You closely miss the orc warrior.
You headbutt the orc warrior, but do no damage.
The orc warrior is moderately wounded.
The gnoll closely misses you. The orc warrior barely misses you.
You furiously retaliate!
You headbutt the orc warrior!
You hit the orc warrior but do no damage.
Your headbutt misses the orc warrior.
The orc warrior is heavily wounded.
You hit the orc warrior. You burn the orc warrior.
The orc warrior is severely wounded.
The gnoll barely misses you.
The gnoll hits you from afar with a +0 halberd!
The orc warrior closely misses you.
You hit the orc warrior. You burn the orc warrior.
The orc warrior is severely wounded.
The gnoll hits you from afar with a +1 halberd of freezing!
The gnoll freezes you. The gnoll closely misses you.
The orc warrior closely misses you.
You hit the orc warrior but do no damage.
The orc warrior is severely wounded.
The gnoll hits you from afar with a +1 halberd of freezing.
The gnoll freezes you. The gnoll barely misses you.
You block the orc warrior's attack.
You hit the orc warrior but do no damage.
Your headbutt misses the orc warrior.
The orc warrior is severely wounded.
The gnoll hits you from afar with a +1 halberd of freezing!
* * * LOW HITPOINT WARNING * * *
The gnoll freezes you.
* * * LOW HITPOINT WARNING * * *
The gnoll hits you but does no damage. You block the orc warrior's attack.
The gnoll closely misses you. The gnoll hits you with a +0 halberd!
* * * LOW HITPOINT WARNING * * *
The gnoll hits you from afar with a +1 halberd of freezing.
* * * LOW HITPOINT WARNING * * *
The gnoll freezes you.
* * * LOW HITPOINT WARNING * * *
The gnoll closely misses you. You furiously retaliate!
You headbutt the gnoll.
The orc warrior hits you with a +0 battleaxe!
You die...

#... .. #... #.#
...# ##..
#..##..# .....
#.....## .....
#.....## .
.....#
#gg....#.#
......# #.@....#
#.....###o....##
#....##.....#
####
#........###≈~
....#
##.......8.8.8
#..###
##.###.......
#..####..#
##.8.8.8
##..|.#.##
.###≈~
##......## .# ≈≈


You could see an orc warrior and 2 gnolls.

Vanquished Creatures
  An ice beast (D:5)
  A sky beast (D:7)
  2 kobold brigands (D:6)
  A scorpion (D:4)
  3 bullfrogs
  5 wights (D:6)
  A crimson imp (D:3)
  2 hounds
  3 jellies
  3 orc priests
  A gnoll bouda (D:6)
  A sleepcap (D:6)
  4 iguanas
  3 orc wizards (D:6)
  8 gnolls
  4 adders
  2 white imps (D:5)
  A worm (D:2)
  3 dart slugs
  18 orcs
  2 ball pythons
  3 bats
  6 endoplasms
  2 giant cockroaches (D:3)
  6 goblins
  6 hobgoblins
  9 jackals
  14 kobolds
  2 quokkas (D:1)
  5 frilled lizards
  3 goblin zombies (D:3)
  3 hobgoblin zombies (D:3)
  A kobold skeleton (D:3)
  3 rats
132 creatures vanquished.

Vanquished Creatures (others)
  An orc (D:6)
  A fungus (D:1)
  3 plants (D:1)
5 creatures vanquished.

Grand Total: 137 creatures vanquished

Notes
Turn   | Place    | Note
-------+----------+-------------------------------------------
     0 | D:1      | Metae the Minotaur Fighter began the quest for the Orb.
     0 | D:1      | Reached XP level 1. HP: 19/19 MP: 0/0
    76 | D:1      | Reached XP level 2. HP: 25/27 MP: 1/1
   403 | D:1      | Found a faded altar of an unknown god.
   964 | D:2      | Reached XP level 3. HP: 31/33 MP: 2/2
  1083 | D:2      | You fall into a shaft and drop 1 floor!
  1113 | D:3      | Found a glowing golden altar of the Shining One.
  1121 | D:3      | Reached XP level 4. HP: 41/41 MP: 3/3
  1312 | D:3      | Found a white marble altar of Elyvilon.
  1556 | D:3      | Reached XP level 5. HP: 41/47 MP: 4/4
  1760 | D:4      | Found a staircase to the Ecumenical Temple.
  1767 | D:4      | Reached skill level 5 in Armour
  1771 | D:4      | Reached skill level 5 in Fighting
  1786 | Temple   | Entered the Ecumenical Temple
  1924 | Temple   | Became a worshipper of Warmaster Okawaru
  2041 | D:4      | Reached skill level 5 in Shields
  2366 | D:5      | Entered Level 5 of the Dungeon
  2459 | D:5      | Noticed an ice beast
  2468 | D:5      | Reached XP level 6. HP: 40/56 MP: 5/5
  2468 | D:5      | Killed an ice beast
  2469 | D:5      | Reached skill level 1 in Invocations
  2904 | D:5      | Reached XP level 7. HP: 51/61 MP: 7/7
  3411 | D:6      | Reached skill level 5 in Axes
  3466 | D:6      | Reached * piety under Okawaru
  3792 | D:6      | Found Ceynokos's Antique Weapon Shop.
  3800 | D:6      | Bought a polished dagger for 189 gold pieces
  3800 | D:6      | Identified the +1 dagger "Omomp" {flame, rPois rF+ Int+2}
                  | (You bought it in a shop on level 6 of the Dungeon)
  3848 | D:6      | Reached XP level 8. HP: 15/71 MP: 9/9
  4104 | D:6      | Reached skill level 1 in Short Blades
  4712 | D:7      | Reached ** piety under Okawaru
  4726 | D:7      | Mangled by an orc warrior

Illustrated notes

Levels and vault maps discovered:
D:1:      dpeg_arrival_rooms_a, layout_loops_cross,
          dreamdust_ecumenical_altar_grove, minmay_crystal_room,
          kennysheep_nondescript, minmay_misc_feat_plants
D:2:      cheibrodos_helix_gallery, layout_basic, small_statue_intersection,
          grunt_ministairs_15, uniq_robin
D:3:      layout_rooms, nicolae_tso_besieged_by_evil, elyvilon_altar_3
D:4:      layout_basic, minmay_temple_entry_grid
D:5:      layout_cave_pods, minivault_5, minmay_misc_feat_rugged
D:6:      layout_rooms, serial_shops, shop
D:7:      layout_layer_cave, kennysheep_orc_sif_temple,
          mainiacjoe_overflow_six_doors_small, bh_walls_and_bars
Temple:   bh_familiar_temple

Skill      XL: |  1  2  3  4  5  6  7  8 |
---------------+-------------------------+-----
Fighting       | 4 5 6 7 |  7.2
Shields        | 4 5 6 |  6.2
Armour         | 4 5 6 7 |  7.2
Axes           | 3 4 5 |  5.5
Invocations    | 1 3 4 |  4.0
Short Blades   | 2 |  2.9

Action                     |  1- 3 |  4- 6 |  7- 9 || total
---------------------------+-------+-------+-------++-------
  Melee: War axe           |    68 |    87 |    65 ||   220
         Headbutt          |     6 |    10 |    46 ||    62
         Dagger            |       |       |   141 ||   141
 Invoke: Heroism           |       |       |     2 ||     2
    Use: Scroll            |       |       |     7 ||     7
         Potion            |       |       |     2 ||     2
 Armour: Scale mail        |    29 |    32 |       ||    61
         Chain mail        |       |    29 |   131 ||   160
  Dodge: Dodged            |    34 |    36 |    81 ||   151
  Block: Buckler           |    16 |    25 |    54 ||    95
